Map: Turbo Cruise '84 LE

Players

HateMe

  • Race: Zerg Zerg
  • Spawn Location: 3:00

Astrea - Winner!

  • Race: Protoss Protoss
  • Spawn Location: 7:00

Event: 2019 WCS Summer

VOD

Have the link to the VOD?

Description

Time

  • Played on: July 12, 2019, 10:20 a.m.
  • Length: 18:33

All games in this series

Show
View Real Time Build Order
Export as new Build Order

HateMe Zerg 

Build Orders: Hatch First, Muta Ling Bane 

Get SALT Encoding   

  12  0:00  Drone  
  13  0:12  Overlord  
  13  0:17  Drone  
  14  0:30  Drone x2  
  16  0:49  Hatchery  
  15  0:52  Drone  
  15  0:55  Drone  
  17  0:59  Drone  
  18  1:11  Extractor  
  17  1:15  Spawning Pool  
  17  1:17  Drone  
  17  1:21  Drone  
  18  1:28  Drone  
  19  1:40  Drone  
  20  1:51  Overlord  
  20  2:01  Queen x2  
  20  2:02  Zergling x2  
  20  2:04  Zergling x2  
  26  2:11  Drone  
  26  2:12  Drone  
  28  2:23  Drone x2  
  30  2:40  Hatchery  
  29  2:44  Drone  
  29  2:46  Drone  
  29  2:48  Drone  
  32  2:53  Overlord  
  32  2:57  Drone  
  33  2:58  Drone  
  35  3:05  Drone x2  
  35  3:11  Queen  
  37  3:13  Overlord  
  37  3:19  Lair  
  37  3:20  Drone x2  
  37  3:25  Drone x3  
  42  3:31  Roach Warren  
  41  3:35  Drone x2  
  41  3:38  Overlord  
  43  3:43  Drone  
  43  3:44  Drone  
  43  3:47  Overlord  
  45  3:52  Drone  
  45  3:53  Drone x2, Extractor  
  45  3:54  Extractor  
  46  4:01  Drone x2  
  48  4:12  Overlord x2  
  48  4:13  Drone x4  
  52  4:17  Overseer  
  52  4:18  Glial Reconstitution  
  52  4:20  Roach  
  52  4:22  Roach  
  52  4:24  Roach  
  58  4:28  Roach  
  60  4:34  Roach x3  
  60  4:38  Overlord  
  66  4:41  Roach  
  66  4:44  Roach  
  70  4:46  Overlord  
  70  4:49  Roach  
  70  4:52  Roach  
  74  4:56  Roach x2  
  74  4:59  Roach x2  
  82  5:04  Overseer  
  82  5:05  Overlord  
  82  5:06  Overlord  
  82  5:08  Roach  
  86  5:14  Roach x2  
  88  5:27  Drone x4  
  88  5:28  Drone, Overlord x2  
  93  5:33  Extractor  
  93  5:35  Roach x4  
  100  5:37  Ravager  
  100  5:41  Overlord x2  
  101  5:49  Ravager  
  102  5:50  Roach x2  
  102  5:54  Overlord x2  
  106  5:59  Roach x3  
  112  6:08  Roach x4  
  112  6:10  Overlord  
  117  6:20  Roach x4  
  117  6:22  Ravager  
  126  6:31  Roach x3  
  132  6:44  Overlord  
  132  6:46  Drone x11  
  139  6:50  Extractor  
  139  6:51  Ravager  
  139  6:53  Evolution Chamber, Roach  
  138  7:04  Roach x6  
  138  7:06  Ravager x2  
  152  7:09  Overlord  
  152  7:16  Spawning Pool  
  151  7:23  Zerg Missile Weapons Level 1  
  151  7:27  Drone x7  
  151  7:29  Extractor  
  157  7:32  Overlord x2  
  157  7:38  Roach x3  
  157  7:42  Overseer  
  161  7:46  Spire  
  160  8:04  Metabolic Boost  
  158  8:06  Drone  
  158  8:07  Drone x2  
  158  8:09  Drone  
  158  8:10  Drone x2, Baneling Nest, Overlord  
  158  8:11  Overlord  
  163  8:15  Hatchery  
  162  8:20  Drone  
  162  8:24  Queen x2  
  167  8:29  Hatchery  
  166  8:45  Roach x4  
  166  8:46  Roach x7  
  184  8:56  Centrifical Hooks  
  184  8:59  Mutalisk x3  
  184  9:01  Mutalisk  
  192  9:03  Mutalisk  
  192  9:14  Queen  
  194  9:18  Zerg Melee Weapons Level 1  
  194  9:21  Roach  
  194  9:29  Roach x10  
  190  9:34  Roach x3  
  172  9:45  Roach x5  
  170  9:52  Roach x3  
  143  9:57  Roach  
  129  10:03  Roach x2  
  116  10:07  Roach  
  116  10:11  Roach x2  
  114  10:28  Mutalisk x6  
  116  10:32  Drone  
  127  10:36  Overseer  
  127  10:38  Drone x6  
  133  10:45  Queen  
  135  10:52  Overseer  
  135  10:55  Hatchery  
  135  10:56  Zergling x12  
  135  10:57  Zergling x2  
  140  11:01  Zergling x6  
  143  11:07  Zergling x10  
  148  11:13  Zerg Melee Weapons Level 2  
  148  11:16  Drone x2  
  148  11:27  Drone  
  148  11:28  Infestation Pit  
  148  11:33  Zergling x20  
  158  11:44  Zergling x20  
  168  11:58  Zergling x12  
  174  12:02  Baneling x20  
  174  12:08  Zergling x14  
  176  12:12  Hive  
  176  12:14  Zergling x14  
  177  12:17  Zergling x4  
  177  12:23  Drone  
  177  12:24  Drone x2  
  177  12:26  Drone x2  
  180  12:39  Ravager x5  
  180  12:42  Zergling x2  
  180  12:43  Zergling x22  
  170  12:52  Zergling x6  
  170  12:53  Zergling x6  
  160  13:00  Zergling x10  
  160  13:01  Baneling x2  
  159  13:09  Baneling x13  
  159  13:10  Zergling x12  
  159  13:13  Zergling x6  
  159  13:17  Zergling x4  
  153  13:20  Hatchery  
  153  13:24  Zergling x6  
  148  13:28  Greater Spire  
  148  13:29  Adrenal Glands  
  148  13:31  Ravager x10  
  148  13:32  Baneling x7  
  158  13:34  Zergling x12  
  158  13:39  Baneling x2  
  158  13:40  Baneling, Zergling x12  
  158  13:41  Zergling x2  
  171  13:44  Baneling x5  
  168  13:49  Zergling x6  
  170  13:56  Zergling x6  
  168  14:06  Zergling x18  
  159  14:14  Zergling x8  
  130  14:17  Zergling x2  
  130  14:24  Zergling x2  
  124  14:33  Zergling x12  
  124  14:36  Zergling x2  
  131  14:38  Hatchery  
  131  14:42  Baneling x9  
  130  14:51  Zergling x12  
  129  15:05  Corruptor x4  
  137  15:14  Baneling x3  
  137  15:18  Corruptor x2  
  137  15:21  Baneling x6  
  140  15:23  Zergling x6  
  141  15:31  Zergling x10  
  145  15:41  Brood Lord x2  
  148  15:48  Brood Lord  
  147  15:52  Brood Lord  
  129  16:14  Zergling x20  
  133  16:26  Brood Lord  
  133  16:27  Brood Lord  
  98  17:11  Zergling x16  
  98  17:12  Zergling x2  
  86  17:20  Zergling x2  
  82  17:25  Hatchery  
  82  17:27  Zergling x6  
  83  17:35  Baneling x6  
  83  17:44  Zergling x8  
  83  17:49  Zergling x4  
  83  17:51  Baneling x2  
  87  17:56  Zergling x4  
  80  18:03  Zergling x2  
  81  18:07  Baneling  
  81  18:08  Baneling x7  
Show
View Real Time Build Order
Export as new Build Order

Astrea Protoss - Winner!

Build Orders: 1 Gate Expand, Chargelot Immortal 

Get SALT Encoding   

  12  0:00  Probe  
  13  0:12  Probe  
  14  0:19  Pylon  
  14  0:24  Probe  
  15  0:33  Probe  
  15  0:40  Gateway  
  15  0:41  Probe  
  16  0:47  Assimilator  
  17  0:51  Probe  
  18  1:03  Probe  
  19  1:15  Probe  
  20  1:25  Nexus  
  20  1:35  Cybernetics Core  
  20  1:37  Probe  
  21  1:44  Assimilator  
  21  1:49  Probe  
  21  1:52  Pylon  
  22  2:01  Probe  
  22  2:02  Adept  
  23  2:14  Probe  
  26  2:15  Robotics Facility  
  26  2:21  Warp Gate  
  26  2:22  Stalker  
  26  2:26  Probe  
  29  2:38  Probe  
  29  2:42  Probe  
  31  2:50  Probe x2  
  32  2:53  Sentry  
  32  2:55  Warp Prism  
  35  2:59  Probe  
  35  3:02  Probe  
  39  3:11  Probe  
  40  3:14  Probe  
  40  3:15  Pylon  
  40  3:19  Sentry  
  43  3:23  Immortal  
  43  3:24  Probe  
  44  3:28  Probe  
  49  3:36  Probe  
  49  3:41  Probe  
  51  3:45  Gateway  
  51  3:48  Probe  
  51  3:53  Probe  
  53  3:59  Pylon  
  53  4:01  Probe  
  54  4:07  Immortal  
  54  4:08  Pylon  
  59  4:17  Probe x2  
  59  4:20  Sentry  
  59  4:21  Assimilator  
  62  4:25  Assimilator  
  62  4:29  Probe x2  
  64  4:36  Forge  
  64  4:37  Twilight Council  
  64  4:38  Pylon  
  64  4:39  Sentry  
  64  4:41  Probe, Pylon  
  67  4:47  Observer, Probe  
  68  4:56  Zealot  
  68  4:59  Probe  
  72  5:00  Pylon  
  72  5:01  Immortal  
  76  5:17  Gateway, Protoss Ground Weapons Level 1  
  76  5:19  Gateway  
  76  5:21  Stalker  
  78  5:25  Zealot  
  80  5:29  Immortal  
  80  5:30  Charge  
  80  5:34  Gateway  
  80  5:35  Gateway  
  84  5:46  Pylon  
  84  5:51  Probe x2  
  86  6:03  Probe x2  
  88  6:09  Templar Archives  
  88  6:13  Immortal  
  88  6:15  Probe x2  
  94  6:20  Nexus  
  94  6:25  Pylon  
  94  6:30  Probe  
  95  6:33  Probe  
  95  6:36  Gateway  
  95  6:37  Gateway  
  96  6:42  Probe  
  97  6:48  Probe, Psionic Storm  
  98  6:59  Probe  
  99  7:02  Probe  
  99  7:03  High Templar x3  
  99  7:07  Protoss Ground Weapons Level 2  
  106  7:12  Immortal, Pylon  
  106  7:14  Pylon  
  110  7:30  Probe x2  
  110  7:31  Zealot x3  
  118  7:42  Probe  
  119  7:45  Zealot x4, High Templar  
  119  7:50  Assimilator  
  129  7:51  Assimilator  
  129  7:55  Pylon  
  129  7:59  Pylon  
  129  8:00  Zealot x2, High Templar  
  129  8:04  Pylon  
  129  8:05  Immortal  
  139  8:06  Pylon  
  139  8:12  Probe x2  
  141  8:23  High Templar  
  141  8:24  Zealot x6  
  155  8:32  Pylon  
  155  8:34  Pylon  
  155  8:49  Immortal  
  155  8:50  High Templar  
  155  8:51  Zealot x5, High Templar  
  173  9:12  Nexus  
  173  9:16  Pylon  
  173  9:17  Zealot x2  
  173  9:18  Zealot x4  
  157  9:33  Archon  
  145  9:40  Protoss Ground Weapons Level 3  
  145  9:42  Immortal  
  127  9:47  High Templar x3  
  127  9:48  Zealot x5  
  127  9:50  Blink  
  105  10:10  Warp Prism  
  97  10:17  Probe  
  97  10:18  Probe x2  
  97  10:20  Pylon  
  102  10:27  High Templar x4  
  102  10:28  Zealot x4  
  118  10:31  Probe x4  
  118  10:35  Immortal, Gateway  
  122  10:36  Archon  
  122  10:38  Gateway  
  122  10:48  Probe x4  
  126  11:02  High Templar  
  128  11:04  Stalker x4  
  128  11:05  Stalker x3  
  142  11:15  Immortal  
  137  11:28  Stalker x5  
  137  11:29  Stalker x2  
  137  11:31  Probe x3  
  149  11:41  Probe  
  149  11:43  Probe x2  
  152  11:50  High Templar  
  152  11:51  Zealot x4, High Templar  
  152  11:52  Zealot x2  
  168  11:54  Archon  
  168  11:58  Zealot  
  168  11:59  Zealot  
  167  12:13  Zealot x6  
  174  12:27  High Templar x3  
  174  12:28  Zealot  
  182  12:38  Probe x3  
  182  12:39  Probe  
  182  12:40  Assimilator  
  182  12:42  Assimilator  
  182  12:43  Stalker  
  182  12:44  Stalker x5  
  152  12:59  High Templar x2  
  152  13:03  Zealot x2  
  154  13:14  Zealot  
  154  13:15  Zealot x5  
  160  13:21  Archon  
  160  13:37  Zealot x5  
  160  13:38  Zealot x5  
  180  13:45  Protoss Ground Armor Level 1  
  180  13:46  Gateway  
  180  13:47  Gateway  
  180  13:55  Photon Cannon  
  176  13:56  Shield Battery  
  153  14:13  Zealot x2  
  153  14:14  Zealot x8  
  111  14:27  Archon  
  111  14:30  Probe x2  
  111  14:31  Probe x2  
  115  14:36  High Templar x10  
  135  14:39  Probe  
  135  14:42  Probe  
  135  14:43  Probe x2  
  139  14:47  Archon  
  139  14:48  Archon  
  139  14:55  Probe  
  139  14:59  Probe  
  140  15:01  Probe x2  
  140  15:04  Stalker x2  
  148  15:07  Probe  
  148  15:11  Probe  
  148  15:14  Probe x2  
  148  15:20  High Templar x3  
  148  15:21  High Templar x3  
  158  15:22  High Templar  
  158  15:23  High Templar  
  158  15:25  Observer  
  158  15:27  Archon x3  
  164  15:28  Archon  
  165  15:42  Probe x4  
  156  15:47  Nexus  
  156  15:51  Zealot x4  
  158  16:02  Probe x2  
  154  16:08  Probe  
  154  16:10  Stalker x4  
  151  16:34  Stalker  
  151  16:35  Stalker x5  
  147  16:55  Stalker x5  
  145  17:13  Zealot x6  
  144  17:16  Probe x2  
  144  17:17  Probe  
  144  17:20  Probe x2  
  144  17:24  Probe  
  144  17:27  Observer  
  146  17:31  High Templar x4  
  146  17:33  Probe x2  
  146  17:35  Probe  
  153  17:38  Probe  
  153  17:39  Probe  
  158  17:46  Warp Prism  
  158  17:49  Archon  
  158  17:50  Pylon  
  158  17:51  Zealot x2  
  158  17:55  Probe  
  164  17:58  Probe  
  164  18:05  Probe x3  
  167  18:07  Probe  
  167  18:10  Probe  
  169  18:15  Photon Cannon  
  169  18:16  Shield Battery  
  169  18:17  Probe  
  169  18:19  Archon  
  158  18:20  Zealot x2, High Templar  
  158  18:21  High Templar  
Tags
 
Add a new tag
Caveats
  • Supply blocks, unpowered buildings, or Contaminate may cause inaccurate times.
  • Supply counts are checked every 10 seconds.